Map: Cyber Forest LE

Players

Vitross

  • Race: Zerg Zerg
  • League: Master
  • Spawn Location: 11:00

belhieg - Winner!

  • Race: Zerg Zerg
  • League: Gold
  • Spawn Location: 5:00

VOD

Have the link to the VOD?

Description

Time

  • Played on: Jan. 30, 2019, 8:58 p.m.
  • Length: 5:16
Show
View Real Time Build Order
Export as new Build Order

Vitross Zerg 

Build Orders: Hatch First 

Get SALT Encoding   

  12  0:01  Drone  
  13  0:12  Overlord  
  13  0:21  Drone  
  14  0:30  Drone x2  
  16  0:50  Hatchery  
  16  0:53  Drone  
  16  0:56  Drone  
  17  1:00  Drone  
  18  1:10  Extractor  
  17  1:15  Spawning Pool  
  17  1:18  Drone  
  17  1:21  Drone  
  18  1:28  Drone  
  19  1:38  Drone  
  20  2:02  Queen x2  
  20  2:04  Zergling x4  
  26  2:14  Hatchery  
  25  2:19  Metabolic Boost  
  25  2:25  Overlord  
  25  2:28  Drone  
  26  2:31  Drone  
  26  2:34  Drone  
  28  2:43  Drone x3  
  31  2:45  Drone  
  31  2:50  Overlord  
  32  2:53  Drone  
  32  2:57  Drone  
  34  3:05  Overlord  
  34  3:10  Drone x3  
  34  3:11  Drone  
  34  3:12  Drone  
  39  3:14  Drone x2  
  41  3:21  Roach Warren  
  41  3:23  Extractor  
  41  3:24  Drone  
  41  3:25  Drone  
  41  3:27  Drone  
  41  3:32  Queen  
  44  3:35  Zergling x2  
  44  3:36  Zergling x2  
  44  3:38  Zergling x2  
  47  3:46  Drone x2  
  47  3:48  Overlord  
  49  3:49  Overlord  
  49  3:53  Drone  
  49  3:54  Drone  
  51  3:56  Drone x2  
  51  4:01  Lair  
  53  4:07  Drone x2  
  55  4:10  Queen  
  55  4:15  Drone, Overlord  
  59  4:17  Drone  
  59  4:18  Drone  
  60  4:26  Drone x5  
  60  4:27  Drone  
  60  4:29  Drone  
  67  4:38  Hatchery  
  67  4:43  Drone x4  
  67  4:44  Drone  
  71  4:46  Drone  
  71  4:50  Drone x3  
  71  4:52  Drone  
  76  4:55  Drone x2  
  76  4:56  Drone x2  
  76  4:57  Drone  
  81  5:00  Extractor  
  81  5:01  Extractor  
Show
View Real Time Build Order
Export as new Build Order

belhieg Zerg - Winner!

Build Orders: Hatch First 

Get SALT Encoding   

  12  0:01  Drone  
  13  0:12  Overlord  
  13  0:18  Drone  
  14  0:30  Drone x2  
  16  0:52  Hatchery  
  16  0:56  Drone  
  16  1:00  Drone  
  16  1:01  Drone  
  18  1:13  Extractor  
  18  1:15  Drone  
  18  1:21  Spawning Pool  
  18  1:24  Drone  
  18  1:32  Drone  
  19  1:46  Hatchery  
  18  2:08  Queen x2  
  18  2:11  Drone  
  18  2:13  Drone  
  24  2:16  Drone  
  24  2:20  Drone  
  26  2:23  Drone  
  26  2:27  Drone  
  28  2:35  Overlord  
  28  2:50  Overlord  
  28  2:56  Drone x3  
  28  2:57  Drone  
  32  2:59  Queen  
  32  3:03  Drone  
  32  3:04  Drone  
  36  3:08  Overlord  
  36  3:09  Drone  
  37  3:16  Drone x2  
  37  3:18  Drone x2  
  41  3:21  Drone  
  41  3:23  Overlord  
  41  3:26  Drone  
  43  3:33  Extractor  
  42  3:36  Extractor  
  41  3:42  Roach Warren  
  41  3:46  Drone x5  
  41  3:47  Drone x2  
  47  3:53  Overlord  
  47  3:58  Drone x2  
  47  3:59  Drone  
  47  4:00  Drone x3  
  53  4:05  Extractor  
  53  4:08  Extractor  
  53  4:09  Drone x3  
  54  4:10  Drone  
  54  4:11  Drone  
  54  4:13  Drone  
  54  4:15  Overlord  
  57  4:18  Drone  
  57  4:19  Drone  
  57  4:23  Drone x3  
  62  4:29  Drone x2  
  64  4:34  Drone x3  
  64  4:37  Drone  
  68  4:43  Roach x2  
  72  4:47  Drone  
  72  4:51  Drone x2  
  72  4:52  Drone  
  76  4:59  Evolution Chamber  
  75  5:00  Evolution Chamber  
Tags
 
Add a new tag
Caveats
  • Supply blocks, unpowered buildings, or Contaminate may cause inaccurate times.
  • Supply counts are checked every 10 seconds.